 Dungeon Crawl Stone Soup version 0.27.1-33-g824d729ab1 (webtiles) character file.

Game seed: 3843556002662496077

77 potato4science the Vexing (level 4, -14/27 HPs)
             Began as an Octopode Enchanter on Dec 17, 2021.
             Was a Believer of Vehumet.
             Killed by divine providence
             ... invoked by an orc priest
              (15 damage)
             ... on level 3 of the Dungeon.
             The game lasted 00:16:05 (2788 turns).

potato4science the Vexing (Octopode Enchanter)      Turns: 2788, Time: 00:16:07

Health: -14/27     AC:  1    Str:  7    XL:     4   Next: 33%
Magic:  3/7        EV: 13    Int: 18    God:    Vehumet [**....]
Gold:   134        SH:  0    Dex: 12    Spells: 4/7 levels left

rFire    . . .     SeeInvis .   a - +1 dagger
rCold    . . .     Faith    .   (no shield)
rNeg     . . .     Spirit   .   (helmet restricted)
rPois    +         Reflect  .   b - amulet of the acrobat
rElec    .         Harm     .   f - ring of poison resistance
rCorr    .         Rampage  .   (no ring)
Will     .....                  (no ring)
Stlth    +++.......             (no ring)
HPRegen  0.09/turn              (no ring)
MPRegen  0.10/turn              (no ring)
                                (no ring)
                                (no ring)

@: no status effects
A: almost no armour, amphibious, 8 rings, camouflage 1, gelatinous body 1,
(nimble swimmer 1), tentacles
a: Renounce Religion


You were on level 3 of the Dungeon.
You worshipped Vehumet.
Vehumet was pleased with you.
You visited 1 branch of the dungeon, and saw 3 of its levels.

You collected 134 gold pieces.

Inventory:

Hand Weapons
 a - a +1 dagger (weapon)
Jewellery
 b - an amulet of the acrobat (around mantle)
 f - a ring of poison resistance (left tentacle)
Wands
 l - a wand of iceblast (9)
Scrolls
 d - a scroll of holy word {unknown}
 e - a scroll of blinking {unknown}
 h - a scroll of identify {unknown}
 i - a scroll of amnesia {unknown}
 j - a scroll of teleportation {unknown}
 k - a scroll of vulnerability {unknown}
Potions
 c - a potion of brilliance {unknown}
 g - a potion of degeneration {unknown}
 m - a potion of heal wounds {unknown}


   Skills:
 - Level 1.0 Short Blades
 - Level 2.0 Dodging
 - Level 4.0 Stealth
 - Level 2.0 Spellcasting
 + Level 4.8 Hexes
 - Level 1.0 Ice Magic


You had 4 spell levels left.
You knew the following spells:

 Your Spells              Type           Power      Damage    Failure   Level
a - Corona                Hex            21%        N/A       2%          1
b - Ensorcelled Hibernat  Hex/Ice        24%        N/A       9%          2

Your spell library contained the following spells:

 Spells                   Type           Power      Damage    Failure   Level
 Shock                    Conj/Air       4%         1d3       19%         1
 Confusing Touch          Hex            19%        N/A       8%          3
 Tukima's Dance           Hex            19%        N/A       8%          3
 Dazzling Flash           Conj/Hex       20%        N/A       21%         3
 Corpse Rot               Necr/Air       N/A        N/A       26%         2
 Poisonous Vapours        Pois/Air       2%         N/A       26%         2
 Dispel Undead            Necr           1%         3d6       87%         4
 Freezing Cloud           Conj/Ice/Air   1%         6-21      99%         5
 Death Channel            Necr           0%         N/A       100%        6


Dungeon Overview and Level Annotations

Branches:
Dungeon (3/15)

Altars:
Cheibriados
Ru
Vehumet

Annotations:
D:3 Grinder


Innate Abilities, Weirdness & Mutations

You cannot wear most types of armour.
You are amphibious.
You can wear up to eight rings at the same time.
Your skin changes colour to match your surroundings (Stealth+).
Your rubbery body absorbs attacks. (AC +1, EV +1)
((You are camouflaged near water. (Stealth+)))
You have tentacles for arms and can constrict up to eight enemies at once.


Message History

Aiming: Ensorcelled Hibernation (safe; 9% risk of failure)
Press: ? - help, Q - select action, (/) - cycle Shift-Dir - straight line, f - orc, p - orc priest
Aim: an orc, wielding a +0 whip (chance to affect: 61%)
The orc looks drowsy...
The orc priest hits you with a +0 club.
You barely miss the orc priest. Your grab misses the orc priest.
You hit the orc. Your grab misses the orc.
The orc is moderately wounded.
The orc priest hits you with a +0 club. The orc closely misses you.
You hit the orc but do no damage. You grab the orc.
The orc is moderately wounded.
You constrict the orc.
The orc priest calls upon Beogh to heal the orc.
The orc's wounds heal themselves!
You hit the orc priest. You grab the orc priest.
The orc priest is lightly wounded.
You constrict the orc. You constrict the orc priest.
The orc hits you with a +0 whip. The orc priest hits you with a +0 club.
You hit the orc priest but do no damage.
The orc priest is lightly wounded.
You constrict the orc. You constrict the orc priest.
The orc hits you with a +0 whip.
* * * LOW HITPOINT WARNING * * *
The orc priest hits you with a +0 club.
* * * LOW HITPOINT WARNING * * *
You hit the orc priest.
The orc priest is moderately wounded.
You constrict the orc.
You kill the orc!
Vehumet accepts your kill.
You feel your power returning.
You constrict the orc priest.
The orc priest struggles to escape constriction.
You hit the frilled lizard.
You kill the frilled lizard!
Vehumet accepts your kill.
You constrict the orc priest.
The orc priest mumbles some strange prayers to Beogh against you.
Beogh smites you!
Ouch! That really hurt!
You die...

.. ..## .... .... .
#..### ... ...######
#....##......#
.....5. .......o)..#
......##.....o.#@..#
...............#...#
...........l...#...#
........#......#...#
......# .......#...#
##...######.######.##
##.# #.. ...
..#..#### # ##.#
#.####.####.#)....#.#
..##
#.#.......#.#.......#


You could see an orc priest.

Vanquished Creatures
  A mummy (D:3)
  An adder (D:2)
  A white imp (D:3)
  2 worms
  An orc (D:3)
  5 ball pythons
  4 endoplasms
  7 goblins
  3 hobgoblins
  2 quokkas
  3 bats
  8 frilled lizards
  3 kobolds
  3 rats
44 creatures vanquished.

Notes
Turn   | Place    | Note
-------+----------+-------------------------------------------
     0 | D:1      | potato4science the Octopode Enchanter began the quest for
                  | the Orb.
     0 | D:1      | Reached XP level 1. HP: 11/11 MP: 3/3
    63 | D:1      | Found a faded altar of an unknown god.
    80 | D:1      | Became a worshipper of Vehumet
    80 | D:1      | Reached * piety under Vehumet
    80 | D:1      | Offered knowledge of Foxfire by Vehumet.
   636 | D:1      | Reached XP level 2. HP: 17/17 MP: 5/5
   992 | D:2      | Offered knowledge of Shock by Vehumet.
   997 | D:2      | Learned a level 2 spell: Ensorcelled Hibernation
  1617 | D:2      | Reached ** piety under Vehumet
  1618 | D:2      | Reached XP level 3. HP: 21/21 MP: 3/6
  1968 | D:2      | Reached skill level 1 in Ice Magic
  2493 | D:3      | Noticed a sky beast
  2567 | D:3      | Found a snail-covered altar of Cheibriados.
  2608 | D:3      | Reached XP level 4. HP: 26/27 MP: 7/7
  2674 | D:3      | Noticed Grinder
  2681 | D:3      | Found a sacrificial altar of Ru.
  2786 | D:3      | HP: 1/27 [orc priest (4)]
  2788 | D:3      | Killed from afar by an orc priest

Illustrated notes

Levels and vault maps discovered:
D:1:      amcnicky_arrival_single_pillar, layout_loops_ring,
          hellmonk_ecumenical_altar_lost_god
D:2:      layout_basic
D:3:      layout_rooms, tso_altar, slow_altar_1,
          nicolae_ru_sacrificial_ziggurat, uniq_grinder

Skill      XL: |  1  2  3 |
---------------+----------+-----
Hexes          | 4 |  4.8
Ice Magic      | 1 |  1.0
Short Blades   | |  1.0
Dodging        | |  2.0
Stealth        | |  4.0
Spellcasting   | |  2.0

Action                   |  1- 3 |  4- 6 || total
-------------------------+-------+-------++-------
Melee: Dagger            |    64 |    16 ||    80
       Constrict         |    10 |     3 ||    13
       Tentacles         |     3 |     4 ||     7
 Cast: Ensorcelled Hiber |    19 |     6 ||    25
 Stab: Sleeping          |    21 |     3 ||    24
Armor: Skin              |     4 |     1 ||     5
Dodge: Dodged            |    40 |     8 ||    48
